 Dungeon Crawl Stone Soup version 0.20-a0-1015-g2ec8a95 (webtiles) character file.

37 Gorice the Cutter (level 3, 0/19 HPs)
             Began as a Kobold Enchanter on Apr 15, 2017.
             Slain by a worm (6 damage)
             ... on level 1 of the Dungeon.
             The game lasted 00:03:16 (1879 turns).

Gorice the Cutter (Kobold Enchanter)                Turns: 1879, Time: 00:03:17

Health: 0/19       AC:  8    Str:  6    XL:     3   Next: 62%
Magic:  6/6        EV:  3    Int: 16    God:
Gold:   38         SH:  0    Dex: 15    Spells: 5/6 levels left

rFire    . . .     SeeInvis .   a - +1 dagger
rCold    . . .     Gourm    .   (shield restricted)
rNeg     . . .     Faith    .   r - +0 chain mail
rPois    .         Spirit   .   (no helmet)
rElec    .         Reflect  .   (no cloak)
rCorr    .         Harm     .   (no gloves)
MR       .....                  (no boots)
Stlth    ..........             (no amulet)
Regen    0.1/turn               (no ring)
MPRegen  0.1/turn               (no ring)

@: no status effects
A: carnivore 3
a: no special abilities


You were on level 1 of the Dungeon.
You were very full.

You visited 1 branch of the dungeon, and saw 1 of its levels.

You collected 38 gold pieces.

Inventory:

Hand Weapons
 a - a +1 dagger (weapon)
 q - a +0 spear
Missiles
 e - 19 bolts
 Z - 75 stones (quivered)
Armour
 b - a +0 robe
 r - a +0 chain mail (worn)
Scrolls
 f - a scroll of enchant weapon {unknown}
 g - 2 scrolls of remove curse {unknown}
 l - a scroll of magic mapping {unknown}
 o - a scroll of teleportation {unknown}
Potions
 i - a potion of mutation {unknown}
 j - 2 potions of might {unknown}
 k - a potion of haste {unknown}
 m - a potion of lignification {unknown}
 n - a potion of curing {unknown}
Books
 c - a book of Maledictions
Comestibles
 d - 2 meat rations {!e}
 h - a royal jelly


   Skills:
 * Level 4.2 Short Blades
 - Level 2.4 Dodging
 - Level 4.0 Stealth
 - Level 2.1 Spellcasting
 - Level 3.0 Hexes


You had 5 spell levels left.
You knew the following spells:

 Your Spells              Type           Power        Failure   Level  Hunger
a - Corona                Hex            ##.....      100%        1    #......


Dungeon Overview and Level Annotations

Branches:
Dungeon (1/15)

Altars:


Innate Abilities, Weirdness & Mutations

You are small and have problems with some larger weapons.
You are carnivorous and can eat meat at any time.


Message History

You see here a club.
You start resting.
HP restored.
Wear which item (? for menu, Esc to quit)
You start removing your armour.
You continue taking off your +0 robe. x4
You finish taking off your +0 robe.
You start putting on your armour.
You continue putting on your chain mail. x5
You finish putting on your +0 chain mail.
You see here a club.
You see here a club.
Z - 73 stones (gained 1)
Z - 74 stones (gained 1)
Z - 75 stones (gained 1)
d - 2 meat rations {!e} (gained 1)
There is an open door here.
g - 2 scrolls labeled CIASSE ESIETI (gained 1)
A worm comes into view.
You hit the worm but do no damage. The worm bites you but does no damage.
You barely miss the worm. You hit the worm.
The worm is lightly wounded.
The worm bites you.
Damage: 1 (max 1)
You hit the worm.
The worm is lightly wounded.
You hit the worm.
The worm is moderately wounded.
The worm bites you!
Damage: 7 (max 7)
You barely miss the worm.
The worm is moderately wounded.
You barely miss the worm.
The worm is moderately wounded.
The worm bites you.
* * * LOW HITPOINT WARNING * * *
Damage: 5 (max 7)
You are too injured to fight recklessly!
You are too injured to fight recklessly!
You are too injured to fight recklessly!
You are too injured to fight recklessly!
You are too injured to fight recklessly!
You are too injured to fight recklessly!
You are too injured to fight recklessly!
Your chain mail prevents you from hitting the worm.
The worm is lightly wounded.
You hit the worm but do no damage.
The worm is lightly wounded.
The worm bites you.
You die...

#......'.......##....#
#.#....###.....##....#
#.#....#.......##....#
####.#....#.....####.########
#.....#...#.....# #.# #....
#.....#...#.....####.####....
#.....#...#..>........)).....
#..................#.########
#.....#...#.@...##.#'##
#############w........#######
#.........)......
#.........#######
##.........# #...
...........# #...
...........#######
...........'......
##......)..#######


You could see a worm.

Vanquished Creatures
  An adder (D:1)
  2 dart slugs (D:1)
  3 bats (D:1)
  A giant cockroach (D:1)
  5 goblins (D:1)
  3 hobgoblins (D:1)
  3 kobolds (D:1)
  A ball python (D:1)
  A frilled lizard (D:1)
  3 rats (D:1)
23 creatures vanquished.

Notes
Turn   | Place    | Note
-------+----------+-------------------------------------------
     0 | D:1      | Gorice the Kobold Enchanter began the quest for the Orb.
     0 | D:1      | Reached XP level 1. HP: 10/10 MP: 3/3
    75 | D:1      | Reached skill level 2 in Short Blades
    85 | D:1      | HP: 3/10 [kobold (1)]
   432 | D:1      | Reached XP level 2. HP: 14/15 MP: 1/5
   538 | D:1      | Reached skill level 3 in Short Blades
   846 | D:1      | HP: 4/15 [adder (1)]
   849 | D:1      | Reached XP level 3. HP: 5/19 MP: 4/6
  1312 | D:1      | Reached skill level 4 in Short Blades
  1494 | D:1      | HP: 1/19 [kobold/club (6)]
  1879 | D:1      | Slain by a worm

Vault maps used:
D:1:      evilmike_arrival_crescent, roderic_roman_lattice, minmay_tetromino_s4

Skill      XL: |  1  2  3 |
---------------+----------+-----
Short Blades   | 2 3 4 |  4.2
Dodging        | |  2.4
Stealth        | |  4.0
Spellcasting   | |  2.1
Hexes          | |  3.0

Action                   || total
-------------------------++-------
Melee: Dagger            ||   142
 Cast: Corona            ||    10
 Stab: Distracted        ||     1
       Sleeping          ||     2
  Eat: Chunk             ||    11
Armor: Robe              ||    20
       Chain mail        ||     1
Dodge: Dodged            ||   100

Table legend:
 A = Turns spent in this place as a percentage of turns spent in the entire game.
 B = Non-inter-level travel turns spent in this place as a percentage of non-inter-level travel turns spent in the entire game.
 C = Inter-level travel turns spent in this place as a percentage of turns spent in this place.
 D = Turns resting spent in this place as a percentage of non-inter-level travel turns spent in this place.
 E = Turns spent auto-exploring this place as a percentage of non-inter-level travel turns spent in this place.
 F = Non-inter-level travel turns spent in this place divided by the number of levels of this place that you've seen.
                   A       B       C       D       E      F
               +-------+-------+-------+-------+-------+----------------------
         Total | 100.0 | 100.0 |   0.0 |   4.4 |   2.1 | 607.0
       Dungeon | 100.0 | 100.0 |   0.0 |   4.4 |   2.1 | 607.0
               +-------+-------+-------+-------+-------+----------------------

Vault maps used:
D:1:      evilmike_arrival_crescent, roderic_roman_lattice, minmay_tetromino_s4
